 Dungeon Crawl Stone Soup version 0.30.0-29-ga12c61a403 (webtiles) character file.

Game seed: 12491947184738330531

109 qw the Chopper (level 4, -2/28 HPs)
             Began as a Gargoyle Fighter on June 5, 2023.
             Slain by a gnoll
             ... wielding a +0 club
              (4 damage)
             ... on level 3 of the Dungeon.
             The game lasted 00:00:45 (1674 turns).

qw the Chopper (Gargoyle Fighter)                   Turns: 1674, Time: 00:00:46

Health: -2/28      AC: 13    Str: 22    XL:     4   Next: 90%
Magic:  4/4        EV:  5    Int:  8    God:
Gold:   72         SH:  0    Dex:  9    Spells: 3/3 levels left

rFire   + . .        Y - +1 war axe (protect)
rCold   + . .        c - +0 buckler
rNeg    + . .        b - +0 scale mail
rPois   inf          m - +1 helmet
rElec   +            (no cloak)
rCorr   +            (no gloves)
SInv    .            l - +0 pair of boots
Will    .....        (no amulet) Stlth
                     (no ring)
HPRegen 0.24/turn    (no ring)
MPRegen 0.09/turn

%: no passive effects
@: resistant, held
A: sickness immunity, AC +3, negative energy resistance 1, electricity
resistance, torment resistance 1, petrification resistance
a: no special abilities


You were on level 3 of the Dungeon.
You visited 1 branch of the dungeon, and saw 3 of its levels.

You collected 72 gold pieces.


Innate Abilities, Weirdness & Mutations

You are immune to sickness and miasma.
Your stone body is resilient. (AC +3)
You are immune to poison.
You resist negative energy. (rN+)
You are resistant to electric shocks. (rElec)
You are resistant to unholy torment.
You are immune to petrification.


   Skills:
 - Level 3.2 Fighting
 + Level 4.2 Axes
 - Level 1.0 Throwing
 - Level 3.2 Armour
 - Level 3.2 Shields


You had 3 spell levels left.
You didn't know any spells.
Your spell library was empty.

Inventory:

Hand Weapons
 e - a +0 mace
 Y - a +1 war axe of protection (weapon)
Missiles
 h - 2 javelins (quivered)
Armour
 b - a +0 scale mail (worn)
 c - a +0 buckler (worn)
 l - a +0 pair of boots (worn)
 m - a +1 helmet (worn)
Potions
 a - a potion of cancellation {unknown}
 d - 2 potions of might
 f - a potion of resistance
 g - a potion of haste {unknown}
 i - a potion of attraction {unknown}
 j - a potion of invisibility {unknown}
 n - a potion of brilliance {unknown}

Dungeon Overview and Level Annotations

Branches:
Dungeon (3/15)

Altars:
Makhleb


Message History

You hit the gnoll but do no damage.
The gnoll is moderately wounded.
The gnoll barely misses you.
You slash the gnoll!
You kill the gnoll!
You completely miss the rat.
The rat bites you but does no damage. x2
You slash the rat!
You kill the rat!
The gnoll throws a throwing net.
The throwing net hits you.
You become entangled in the net!
You struggle against the net.
The gnoll hits you but does no damage. The gnoll hits you but does no damage.
The gnoll hits you but does no damage. The gnoll hits you with a +0 club!
The gnoll closely misses you. The gnoll hits you but does no damage.
The gnoll hits you with a +0 club. The gnoll hits you with a +0 club.
The gnoll hits you but does no damage. The gnoll hits you but does no damage.
1661 ||| DRINKING 2 white potions.
It was a potion of resistance.
You feel protected. The gnoll hits you with a +0 club.
The gnoll hits you with a +0 club. The gnoll hits you but does no damage.
The gnoll hits you with a +0 club. The gnoll hits you but does no damage.
The gnoll hits you but does no damage. The gnoll hits you with a +0 club.
The gnoll hits you but does no damage. The gnoll hits you with a +0 club.
The gnoll hits you with a +0 club. The gnoll hits you but does no damage.
You struggle against the net.
The gnoll barely misses you. The gnoll hits you with a +0 club.
The gnoll hits you with a +0 club.
You die...

########### ###
..........#########.....
..........'.....@ggg...(
..........#########....(
..........# ...
...>......# .
..).......# ###+#######


You could see 3 gnolls.

Vanquished Creatures
  Natasha (twice) (D:3)
  A gnoll (D:3)
  2 worms
  4 dart slugs
  3 ball pythons
  2 bats (D:3)
  2 endoplasms
  5 goblins
  7 hobgoblins
  2 kobolds
  A quokka (D:2)
  2 frilled lizards (D:2)
  6 rats
39 creatures vanquished.

Notes
Turn   | Place    | Note
-------+----------+-------------------------------------------
     0 | D:1      | qw the Gargoyle Fighter began the quest for the Orb.
     0 | D:1      | Reached XP level 1. HP: 14/14 MP: 1/1
     0 | D:1      | 0 ||| qw: Version: 0.2-a-108-gee2c290
     0 | D:1      | 0 ||| qw: Game counter: 1476
     0 | D:1      | 0 ||| qw: Always use a shield: true
     0 | D:1      | 0 ||| qw: God list: Okawaru
     0 | D:1      | 0 ||| qw: Allow faded altars: false
     0 | D:1      | 0 ||| qw: Do Orc after D:15 true
     0 | D:1      | 0 ||| qw: Do second Lair branch before Depths: true
     0 | D:1      | 0 ||| qw: Lair rune preference: random
     0 | D:1      | 0 ||| qw: Plans: Normal, Zot:1-4, Slime:5, God:TSO, Crypt,
                  | Tomb, Abyss, Pan, Hells, Win
     0 | D:1      | 0 ||| PLANNING D:1-11
   113 | D:1      | Reached skill level 2 in Axes
   151 | D:1      | 151 ||| Stepping ~*~*~tactically~*~*~ (stealth).
   161 | D:1      | Reached XP level 2. HP: 16/19 MP: 2/2
   227 | D:1      | 227 ||| Stepping ~*~*~tactically~*~*~ (stealth).
   713 | D:1      | 713 ||| UPGRADING to +0 pair of boots.
   718 | D:1      | 718 ||| READING scroll labelled XIZOWK SUBLIRA.
   719 | D:1      | 719 ||| READING scroll labelled PUVEOCV OXEY.
   720 | D:1      | 720 ||| READING scroll labelled BAN HAFOJUAN.
   739 | D:2      | Reached skill level 3 in Axes
   778 | D:2      | Reached XP level 3. HP: 23/23 MP: 3/3
   826 | D:2      | 826 ||| READING 2 scrolls of brand weapon.
   826 | D:2      | 826 ||| BRANDING +0 war axe of draining.
   827 | D:2      | 827 ||| READING scroll of brand weapon.
   827 | D:2      | 827 ||| BRANDING +0 war axe of electrocution.
   918 | D:2      | Reached skill level 1 in Throwing
   939 | D:2      | Found a burning altar of Makhleb.
  1173 | D:2      | You fall into a shaft and drop 1 floor!
  1207 | D:3      | Found a faded altar of an unknown god.
  1247 | D:3      | 1247 ||| UPGRADING to +1 helmet.
  1252 | D:3      | 1252 ||| READING scroll labelled KUCIJU ZOTU.
  1253 | D:3      | 1253 ||| READING scroll labelled ZAUTWO VIOMA.
  1254 | D:3      | 1254 ||| READING scroll labelled PIPPIUCEUTH.
  1255 | D:3      | 1255 ||| READING scroll labelled PUQERU JOKKEEXT.
  1414 | D:2      | 1414 ||| READING scroll labelled AFIOQE OM CACI.
  1415 | D:2      | 1415 ||| READING scroll labelled NOASAA BEUWI.
  1472 | D:3      | Noticed Natasha
  1476 | D:3      | Killed Natasha
  1477 | D:3      | Reached XP level 4. HP: 28/28 MP: 4/4
  1529 | D:3      | Noticed Natasha
  1537 | D:3      | Killed Natasha
  1538 | D:3      | Reached skill level 4 in Axes
  1661 | D:3      | 1661 ||| DRINKING 2 white potions.
  1670 | D:3      | HP: 3/28 [gnoll/+0 club (5)]
  1674 | D:3      | Slain by a gnoll

Levels and vault maps discovered:
D:1:      matt_arrival_refuge, layout_basic, serial_rivers,
          chequers_serial_rivers_room_b, chequers_serial_rivers_large_b,
          chequers_serial_rivers_small_3, chequers_serial_rivers_micro_e,
          minmay_tiny_reverse_x
D:2:      layout_basic, basic_altar
D:3:      layout_basic, basic_ecumenical_altar, gammafunk_ghost_stat_death,
          uniq_natasha, uniq_crazy_yiuf_cottage, uniq_grinder

Skill      XL: |  1  2  3  4 |
---------------+-------------+-----
Axes           | 2 3 4 |  4.2
Throwing       | 1 |  1.0
Fighting       | |  3.2
Armour         | |  3.2
Shields        | |  3.2

Action                     |  1- 3 |  4- 6 || total
---------------------------+-------+-------++-------
  Melee: War axe           |    76 |    15 ||    91
  Throw: Javelin           |    25 |     3 ||    28
    Use: Scroll            |    11 |       ||    11
         Potion            |       |     1 ||     1
 Armour: Scale mail        |    30 |    26 ||    56
  Dodge: Dodged            |    28 |    13 ||    41
  Block: Buckler           |     9 |     4 ||    13

Table legend:
 A = Non-vault XP
 B = Vault XP
 C = Vault XP percentage of total XP
 D = Non-vault monster count
 E = Vault monster count
 F = Vault count percentage of total count
                 A         B        C        D         E       F
            +---------+---------+-------+---------+---------+-------
      Total |     116 |      41 |  26.1 |      36 |       3 |   7.7
            +---------+---------+-------+---------+---------+-------
        D:1 |      22 |       6 |  21.4 |      12 |       2 |  14.3
        D:2 |      31 |       0 |   0.0 |      14 |       0 |   0.0
        D:3 |      63 |      35 |  35.7 |      10 |       1 |   9.1
            +---------+---------+-------+---------+---------+-------
